 Dungeon Crawl Stone Soup version 0.32-a0-18-g89e19f1974 (webtiles) character file.

Game seed: 3425615659396166504

1441 zenocrate the Sneak (level 8, -4/40 HPs)
             Began as a Vine Stalker Enchanter on Jan 16, 2024.
             Was an Initiate of Gozag.
             Slain by Menkaure (9 damage)
             ... on level 6 of the Dungeon.
             The game lasted 00:07:40 (4776 turns).

zenocrate the Sneak (Vine Stalker Enchanter)        Turns: 4776, Time: 00:07:41

Health: -4/40      AC:  9    Str: 12    XL:     8   Next: 74%
Magic:  0/12       EV: 13    Int: 15    God:    Gozag
Gold:   503        SH:  0    Dex: 16    Spells: 3/11 levels left

rFire   . . .        b - +2 dagger (venom)
rCold   . . .        (no shield)
rNeg    . . .        f - +0 robe
rPois   .            s - +0 helmet
rElec   .            B - +0 cloak
rCorr   +            (no gloves)
SInv    .            l - +0 pair of boots
Will    +....        (no amulet)
Stlth   ++++         g - +4 ring of protection
HPRegen 1.06/turn    G - ring of resist corrosion
MPRegen 0.13/turn

%: guardian spirit
@: no status effects
A: fangs 3, regeneration 1, magic shield, antimagic bite, no potion heal 2
a: Renounce Religion, Potion Petition, Call Merchant, Bribe Branch


You were on level 6 of the Dungeon.
You worshipped Gozag.
Gozag was pleased with you.
You visited 2 branches of the dungeon, and saw 7 of its levels.
You also visited: Ossuary.

You collected 598 gold pieces.
You spent 22 gold pieces at shops.
You paid 73 gold pieces to Gozag.

Inventory:

Hand Weapons
 a - a +2 dagger of holy wrath
 b - a +2 dagger of venom (weapon)
 o - a +1 dagger
 y - a +0 rapier
Missiles
 d - 5 curare-tipped darts
 k - 15 poisoned darts (quivered)
 p - 3 throwing nets
 z - 6 boomerangs
 F - 3 javelins
Armour
 f - a +0 robe (worn)
 l - a +0 pair of boots (worn)
 s - a +0 helmet (worn)
 B - a +0 cloak (worn)
Jewellery
 g - a +4 ring of protection (left hand)
 G - a ring of resist corrosion (right hand)
Wands
 w - a wand of polymorph (7)
 E - a wand of roots (4)
Scrolls
 h - a scroll of teleportation {unknown}
 i - a scroll of enchant weapon
 j - a scroll of revelation {unknown}
 m - 2 scrolls of vulnerability
 n - a scroll of blinking {unknown}
 q - 2 scrolls of amnesia {unknown}
 r - a scroll of fear {unknown}
 v - a scroll of poison
 D - a scroll of fog {unknown}
 H - a scroll of silence {unknown}
Potions
 c - 4 potions of invisibility
 e - a potion of haste
 t - 2 potions of ambrosia
 u - a potion of attraction {unknown}
 x - 3 potions of curing {unknown}
 A - 2 potions of lignification {unknown}
 C - a potion of mutation {unknown}


   Skills:
 - Level 3.0 Fighting
 + Level 4.4 Short Blades
 + Level 3.8 Dodging
 + Level 6.8 Stealth
 - Level 2.1 Spellcasting
 + Level 5.1 Hexes
 - Level 3.7 Ice Magic
 + Level 0.2 Evocations


You had 3 spell levels left.
You knew the following spells:

 Your Spells              Type           Power      Damage    Failure   Level
a - Ensorcelled Hibernat  Hex/Ice        28%        N/A       5%          2
b - Confusing Touch       Hex            17%        N/A       8%          3
c - Tukima's Dance        Hex            17%        N/A       8%          3

Your spell library contained the following spells:

 Spells                   Type           Power      Damage    Failure   Level
 Dazzling Flash           Conj/Hex       18%        N/A       22%         3


Dungeon Overview and Level Annotations

Branches:
Dungeon (6/15)             Temple (1/1) D:4         Ossuary (visited)

Altars:
Ashenzari
Cheibriados
Dithmenos
Elyvilon
Fedhas
Gozag
Kikubaaqudgha
Makhleb
Okawaru
Qazlal
Ru
Sif Muna
Trog
Uskayaw
Vehumet
Wu Jian
Xom
Yredelemnul
Zin
The Shining One

Shops:
D:5 ((*(

Annotations:
D:6 Menkaure


Innate Abilities, Weirdness & Mutations

You have razor-sharp teeth.
Your natural rate of healing is unusually fast.
When hurt, damage is shared between your health and your magic reserves.
Your bite disrupts and absorbs the magic of your enemies.
Potions cannot restore your health.


Message History

You completely miss Menkaure. Your bite misses Menkaure.
You hit Menkaure but do no damage. You bite Menkaure!
Menkaure's magic leaks into the air.
You drain his magic.
You feel invigorated.
Menkaure is moderately damaged.
Menkaure calls on the powers of darkness!
Your body is wracked with pain!
The gnoll convulses!
You hit Menkaure but do no damage.
Menkaure appears confused.
Menkaure is moderately damaged.
You hit Menkaure. You bite Menkaure.
Menkaure's magic leaks into the air.
You drain his magic.
You feel invigorated.
Menkaure is severely damaged.
The gnoll misses you.
The gnoll hits you from afar with a +0 halberd!
Unknown command.
Menkaure hits you!!
* * * LOW HITPOINT WARNING * * *
The gnoll hits you with a +0 halberd.
* * * LOW HITPOINT WARNING * * *
Unknown command.
Unknown command.
Casting: Confusing Touch (dangerous; 8% risk of failure)
Confirm with . or Enter, or press ? or * to list all spells.
You don't have enough magic to cast this spell.
Unknown command.
You hit Menkaure. You bite Menkaure.
Menkaure's magic leaks into the air.
You drain his magic.
You feel invigorated.
Menkaure is severely damaged.
Unknown command.
Unknown command.
You hit Menkaure. You bite Menkaure, but do no damage.
Menkaure is almost destroyed.
The gnoll misses you.
Menkaure says, "Why is everything spinning?"
Unknown command.
Unknown command.
You barely miss Menkaure. You bite Menkaure, but do no damage.
Menkaure is severely damaged.
The gnoll completely misses you. Menkaure hits you!
You die...
Your body crumbles into a pile of gold.

#............#...
#.............#.
#..#.......#####
##..##....### #
#.......###
##.....###
#####....###
###.......####
.......@....$#
#.....M.g....#
#...........##
##..........#
...........##
...........#
#.........##
#........##


You could see Menkaure (confused, magic disrupted) and a gnoll.

Vanquished Creatures
  Edmund (D:4)
  A water moccasin (D:5)
  A centaur (D:6)
  A phantom (D:4)
  Blork the orc (D:4)
  An elf zombie (Ossuary)
  2 scorpions (D:5)
  2 burial acolytes (Ossuary)
  A bombardier beetle (D:5)
  A hound (D:5)
  2 orc priests
  2 gnoll boudas
  6 orc wizards
  5 mummies (Ossuary)
  Robin (D:4)
  11 gnolls
  6 adders
  A shadow imp (D:6)
  2 white imps
  4 ufetubi
  A dart slug (D:1)
  11 orcs
  10 ball pythons
  4 bats
  3 endoplasms
  2 giant cockroaches (D:1)
  2 gnoll zombies (Ossuary)
  16 goblins
  8 hobgoblins
  14 jackals
  9 kobolds
  4 quokkas
  A frilled lizard (D:1)
  3 kobold zombies (Ossuary)
  2 orc zombies (Ossuary)
  9 rats
151 creatures vanquished.

Notes
Turn   | Place    | Note
-------+----------+-------------------------------------------
     0 | D:1      | zenocrate the Vine Stalker Enchanter began the quest for
                  | the Orb.
     0 | D:1      | Reached XP level 1. HP: 9/9 MP: 4/4
    49 | D:1      | Reached skill level 1 in Short Blades
   115 | D:1      | Reached XP level 2. HP: 13/13 MP: 6/6
   136 | D:1      | Learned a level 2 spell: Ensorcelled Hibernation
   577 | D:1      | Reached XP level 3. HP: 15/16 MP: 2/7
   688 | D:1      | Reached skill level 4 in Stealth
  1590 | D:2      | Reached XP level 4. HP: 20/21 MP: 2/8
  1756 | D:2      | Found a basalt altar of Yredelemnul.
  1913 | D:3      | Reached skill level 1 in Ice Magic
  2277 | D:3      | Reached XP level 5. HP: 24/24 MP: 7/9
  2409 | D:3      | Learned a level 3 spell: Confusing Touch
  2562 | D:3      | Reached XP level 6. HP: 28/28 MP: 4/10
  2636 | D:3      | Learned a level 3 spell: Tukima's Dance
  2691 | D:4      | Reached skill level 5 in Stealth
  2724 | D:4      | Found a sand-covered staircase.
  2728 | D:4      | Noticed Blork the orc
  2733 | Ossuary  | Entered an ossuary
  2796 | Ossuary  | Reached skill level 1 in Fighting
  3032 | Ossuary  | Reached XP level 7. HP: 33/33 MP: 1/11
  3118 | D:4      | Killed Blork the orc
  3163 | D:4      | Identified the +5 whip of the Mushroom {vamp, rF+ rC+}
  3255 | D:4      | Noticed Edmund
  3263 | D:4      | Killed Edmund
  3363 | D:4      | Noticed Robin
  3395 | D:4      | Killed Robin
  3467 | D:4      | Found a staircase to the Ecumenical Temple.
  3600 | Temple   | Entered the Ecumenical Temple
  3613 | Temple   | Became a worshipper of Gozag Ym Sagoz the Greedy
  3771 | D:5      | Entered Level 5 of the Dungeon
  3775 | D:5      | Reached skill level 6 in Stealth
  3800 | D:5      | Gained mutation: You have razor-sharp teeth. [Vine Stalker
                  | growth]
  3800 | D:5      | Reached XP level 8. HP: 38/39 MP: 9/12
  4291 | D:5      | Found Unedef's General Store.
  4295 | D:5      | Found Quonlutz's Weapon Shop.
  4297 | D:5      | Found Voceant's Weapon Shop.
  4298 | D:5      | Found Mim Fiel's Antique Weapon Shop.
  4300 | D:5      | Bought a scroll of identify for 22 gold pieces
  4319 | D:5      | Identified the +2 scale mail of the Tarantula {rN+ Will-
                  | Str+3 Int+4}
  4553 | D:6      | Reached skill level 5 in Hexes
  4761 | D:6      | Noticed Menkaure
  4773 | D:6      | HP: 2/40 [gnoll/+0 halberd[a gnoll bouda] (4)]
  4776 | D:6      | Slain by Menkaure

Illustrated notes

Levels and vault maps discovered:
D:1:      minmay_arrival_plants_in_alcoves, layout_basic
D:2:      layout_basic, basic_altar, minmay_rat_gold_closets
D:3:      layout_basic, kennysheep_donut
D:4:      layout_cave_pools, minmay_temple_entry_trees,
          lightli_ossuary_entry_decrepit_ruins, uniq_robin, uniq_blork_the_orc,
          uniq_edmund
D:5:      layout_rooms, hangedman_abyss_or_decor_slice, minmay_shop_grid_forest,
          kennysheep_generic_room_13
D:6:      layout_cave_pods, uniq_duvessa, uniq_menkaure
Temple:   nicolae_temple_bog_church

Skill      XL: |  1  2  3  4  5  6  7  8 |
---------------+-------------------------+-----
Short Blades   | 1 2 3 4 |  4.4
Stealth        | 4 5 6 |  6.8
Dodging        | 2 3 |  3.8
Ice Magic      | 1 2 3 |  3.7
Hexes          | 4 5 |  5.1
Fighting       | 1 2 3 |  3.0
Spellcasting   | |  2.1
Evocations     | |  0.2

Action                     |  1- 3 |  4- 6 |  7- 9 || total
---------------------------+-------+-------+-------++-------
  Melee: Dagger            |   112 |    91 |   157 ||   360
         Bite              |    24 |    52 |    75 ||   151
         Punch             |       |     3 |     3 ||     6
         Rapier            |       |    87 |    51 ||   138
   Cast: Ensorcelled Hiber |    13 |    20 |    19 ||    52
         Confusing Touch   |       |     3 |     2 ||     5
    Use: Scroll            |       |     3 |     2 ||     5
   Stab: Sleeping          |    16 |    11 |    13 ||    40
         Confused          |       |     3 |       ||     3
 Armour: Robe              |    72 |    70 |   161 ||   303
  Dodge: Dodged            |    67 |    87 |   192 ||   346

Table legend: (Time is in decaauts)
 A = Elapsed time spent in this place.
 B = Non-inter-level travel time spent in this place.
 C = Inter-level travel time spent in this place.
 D = Time resting spent in this place.
 E = Time spent auto-exploring this place.
 F = Levels seen in this place.
 G = Mean time per level.
                   A        B        C        D        E       F      G
               +--------+--------+--------+--------+--------+-----+--------+
         Total |   4727 |   4541 |    186 |      6 |   3307 |   8 |  590.9 |
       Dungeon |   4320 |   4158 |    162 |      6 |   3109 |   6 |  720.0 |
        Temple |     26 |      2 |     24 |      0 |      0 |   1 |   26.0 |
       Ossuary |    379 |    379 |      0 |      0 |    198 |   1 |  379.0 |
               +--------+--------+--------+--------+--------+-----+--------+

Top non-repeatable levels by time:
     D:1: 984 daAuts
     D:2: 872 daAuts
     D:4: 845 daAuts
     D:3: 784 daAuts
     D:5: 587 daAuts
 Ossuary: 379 daAuts
     D:6: 245 daAuts
  Temple: 26 daAuts
